 Dungeon Crawl Stone Soup version 0.26-b1-32-g5d43845 (webtiles) character file.

Game seed: 8818193896940311433

113 arb the Stinger (level 4, 32/32 HPs)
             Began as a Gnoll Venom Mage on Jan 12, 2021.
             Was a Follower of Trog.
             Quit the game on level 3 of the Dungeon.
             The game lasted 00:04:43 (2979 turns).

arb the Stinger (Gnoll Venom Mage)                  Turns: 2979, Time: 00:04:44

Health: 32/32      AC:  4    Str: 10    XL:     4   Next: 96%
Magic:  11/11      EV: 14    Int: 19    God:    Trog [*.....]
Gold:   84         SH:  0    Dex: 15    Spells: 12/13 levels left

rFire    + . .     SeeInvis .   n - +0 short sword (drain)
rCold    + . .     Faith    .   (no shield)
rNeg     . . .     Spirit   .   g - +0 leather armour {rC+}
rPois    .         Reflect  .   s - +0 helmet
rElec    .         Harm     .   (no cloak)
rCorr    +         Rampage  .   (no gloves)
Will     .....                  (no boots)
Stlth    ++........             (no amulet)
HPRegen  0.10/turn              r - ring of protection from fire
MPRegen  0.12/turn              t - ring of resist corrosion

@: no status effects
A: distributed training, fangs 1, strong nose
a: Renounce Religion, Berserk


You were on level 3 of the Dungeon.
You worshipped Trog.
Trog was aware of your devotion.
You visited 1 branch of the dungeon, and saw 3 of its levels.

You collected 84 gold pieces.

Inventory:

Hand Weapons
 n - a +0 short sword of draining (weapon)
Missiles
 c - 105 stones (quivered)
 i - 36 arrows
 q - 36 bolts
Armour
 g - a +0 leather armour of cold resistance (worn)
 s - a +0 helmet (worn)
Jewellery
 r - a ring of protection from fire (left hand)
 t - a ring of resist corrosion (right hand)
Scrolls
 d - 2 scrolls of fear {unknown}
 e - a scroll of immolation {unknown}
 f - a scroll of enchant weapon {unknown}
 j - a scroll of remove curse {unknown}
 m - 2 scrolls of identify {unknown}
Potions
 a - 4 potions of curing {unknown}
 b - a potion of flight {unknown}
 h - 2 potions of berserk rage {unknown}
 k - a potion of haste {unknown}
 l - 3 potions of attraction {unknown}
 o - a potion of cancellation {unknown}
 p - a potion of brilliance {unknown}


   Skills:
 + Level 1.3 Fighting
 + Level 1.3 Short Blades
 + Level 1.3 Long Blades
 + Level 1.3 Axes
 + Level 1.3 Maces & Flails
 + Level 1.3 Polearms
 + Level 1.3 Staves
 + Level 1.3 Slings
 + Level 1.3 Bows
 + Level 1.3 Crossbows
 + Level 1.3 Throwing
 + Level 1.3 Armour
 + Level 4.7 Dodging
 + Level 4.3 Stealth
 + Level 1.3 Shields
 + Level 1.3 Unarmed Combat
 + Level 5.1 Spellcasting
 + Level 1.0 Conjurations
 + Level 1.0 Hexes
 + Level 1.0 Summonings
 + Level 1.0 Necromancy
 + Level 1.0 Translocations
 + Level 2.3 Transmutations
 + Level 1.0 Fire Magic
 + Level 1.0 Ice Magic
 + Level 1.0 Air Magic
 + Level 1.0 Earth Magic
 + Level 5.5 Poison Magic
 + Level 1.4 Invocations
 + Level 1.3 Evocations


You had 12 spell levels left.
You knew the following spells:

 Your Spells              Type           Power        Failure   Level
a - Sting                 Tmut/Pois      76%          3%          1

Your spell library contained the following spells:

 Spells                   Type           Power        Failure   Level
 Poisonous Vapours        Pois/Air       34%          6%          2
 Ignite Poison            Fire/Tmut/Pois 16%          14%         3
 Mephitic Cloud           Conj/Pois/Air  14%          17%         3
 Olgreb's Toxic Radiance  Pois           25%          17%         4


Dungeon Overview and Level Annotations

Branches:
Dungeon (3/15)

Altars:
Fedhas
Trog


Innate Abilities, Weirdness & Mutations

Your experience applies equally to all skills.
You have very sharp teeth.
Your uncanny sense of smell can sniff out nearby items.


Message History

You puncture the kobold!
You kill the kobold!
Trog accepts your kill.
c - 96 stones (gained 2)
You see here a +0 short sword.
There is an escape hatch in the ceiling here.
c - 105 stones (gained 9)
A frilled lizard comes into view.
A frilled lizard is nearby!
Found a scale mail and a ruby ring.
The helpless frilled lizard fails to defend itself.
You puncture the frilled lizard!
You kill the frilled lizard!
Trog accepts your kill.
You see here a frilled lizard corpse.
t - a ruby ring
t - a ring of resist corrosion (right hand)
Found a ring mail.
Found a stone staircase leading up.
Are you sure you want to abandon this character and quit the game? (Confirm with "yes".)

# #†# #.# #######.###
#.#
...[......####.######
.#####..........[...#
........#.###.#####.#
......#.#.# #.# #
.####.#.#.# #.# .#.#
.#
#.#.#.###.####....#
.#
#...........@.....#
.#
#####.########....#
.# .#... .# .. # .#
<. #


There were no monsters in sight!

Vanquished Creatures
  Jessica (D:2)
  3 adders
  2 worms (D:2)
  A dart slug (D:3)
  4 leopard geckos
  An orc (D:3)
  5 giant cockroaches
  5 goblins
  2 hobgoblins
  2 jackals (D:1)
  6 bats
  4 frilled lizards
  10 kobolds
  3 rats
49 creatures vanquished.

Notes
Turn   | Place    | Note
-------+----------+-------------------------------------------
     0 | D:1      | arb the Gnoll Venom Mage began the quest for the Orb.
     0 | D:1      | Reached XP level 1. HP: 13/13 MP: 6/6
   184 | D:1      | Reached XP level 2. HP: 18/19 MP: 3/7
   904 | D:1      | Reached XP level 3. HP: 25/25 MP: 7/9
  1329 | D:1      | Reached skill level 5 in Spellcasting
  1421 | D:2      | Noticed Jessica
  1428 | D:2      | Killed Jessica
  1429 | D:2      | Reached skill level 1 in Fighting
  1429 | D:2      | Reached skill level 1 in Short Blades
  1429 | D:2      | Reached skill level 1 in Long Blades
  1429 | D:2      | Reached skill level 1 in Axes
  1429 | D:2      | Reached skill level 1 in Maces & Flails
  1429 | D:2      | Reached skill level 1 in Polearms
  1429 | D:2      | Reached skill level 1 in Staves
  1429 | D:2      | Reached skill level 1 in Slings
  1429 | D:2      | Reached skill level 1 in Bows
  1429 | D:2      | Reached skill level 1 in Crossbows
  1429 | D:2      | Reached skill level 1 in Throwing
  1429 | D:2      | Reached skill level 1 in Armour
  1429 | D:2      | Reached skill level 1 in Shields
  1429 | D:2      | Reached skill level 1 in Unarmed Combat
  1429 | D:2      | Reached skill level 1 in Invocations
  1429 | D:2      | Reached skill level 1 in Evocations
  1672 | D:2      | Reached XP level 4. HP: 32/32 MP: 9/11
  2641 | D:3      | Found a blossoming altar of Fedhas.
  2652 | D:3      | Reached skill level 1 in Conjurations
  2652 | D:3      | Reached skill level 1 in Hexes
  2652 | D:3      | Reached skill level 1 in Summonings
  2652 | D:3      | Reached skill level 1 in Necromancy
  2652 | D:3      | Reached skill level 1 in Translocations
  2652 | D:3      | Reached skill level 1 in Fire Magic
  2652 | D:3      | Reached skill level 1 in Ice Magic
  2652 | D:3      | Reached skill level 1 in Air Magic
  2652 | D:3      | Reached skill level 1 in Earth Magic
  2849 | D:3      | Found a faded altar of an unknown god.
  2875 | D:3      | Became a worshipper of Trog the Wrathful
  2875 | D:3      | Reached * piety under Trog
  2979 | D:3      | Quit the game

Illustrated notes

Levels and vault maps discovered:
D:1:      dpeg_arrival_simpleton_a, layout_basic
D:2:      layout_basic, uniq_jessica
D:3:      layout_loops_ring, lemuel_crystal_altar,
          chequers_ecumenical_altar_simple_redux, minivault_27

Skill      XL: |  1  2  3  4 |
---------------+-------------+-----
Transmutations | 2 |  2.3
Spellcasting   | 5 |  5.1
Fighting       | 1 |  1.3
Short Blades   | 1 |  1.3
Long Blades    | 1 |  1.3
Axes           | 1 |  1.3
Maces & Flails | 1 |  1.3
Polearms       | 1 |  1.3
Staves         | 1 |  1.3
Slings         | 1 |  1.3
Bows           | 1 |  1.3
Crossbows      | 1 |  1.3
Throwing       | 1 |  1.3
Armour         | 1 |  1.3
Shields        | 1 |  1.3
Unarmed Combat | 1 |  1.3
Invocations    | 1 |  1.4
Evocations     | 1 |  1.3
Conjurations   | 1 |  1.0
Hexes          | 1 |  1.0
Summonings     | 1 |  1.0
Necromancy     | 1 |  1.0
Translocations | 1 |  1.0
Fire Magic     | 1 |  1.0
Ice Magic      | 1 |  1.0
Air Magic      | 1 |  1.0
Earth Magic    | 1 |  1.0
Dodging        | |  4.7
Stealth        | |  4.3
Poison Magic   | |  5.5

Action                   |  1- 3 |  4- 6 || total
-------------------------+-------+-------++-------
Melee: Unarmed           |     1 |       ||     1
       Whip              |     6 |       ||     6
       Dagger            |     8 |       ||     8
       Bite              |     1 |     5 ||     6
       Short sword       |     1 |    59 ||    60
       Flail             |     1 |       ||     1
Throw: Stone             |    19 |       ||    19
 Cast: Sting             |    41 |    10 ||    51
 Stab: Sleeping          |       |     4 ||     4
Armor: Robe              |     1 |       ||     1
       Leather armour    |     3 |    10 ||    13
Dodge: Dodged            |    27 |    44 ||    71
